 Dungeon Crawl Stone Soup version 0.19.0 (webtiles) character file.

119 Lyric the Shooter (level 5, -5/32 HPs)
             Began as a Kobold Hunter on Nov 16, 2016.
             Killed by nerve-wracking pain
             ... invoked by Grinder
              (7 damage)
             ... on level 3 of the Dungeon.
             The game lasted 00:16:44 (2650 turns).

Lyric the Shooter (Kobold Hunter)                   Turns: 2650, Time: 00:16:45

Health: -5/32      AC:  3    Str:  9    XL:     5   Next: 23%
Magic:  14/14      EV: 15    Int: 12    God:
Gold:   122        SH:  0    Dex: 17    Spells: 1 memorised, 3 levels left

rFire  . . .     SeeInvis +     a - +1 shortbow
rCold  . . .     Gourm    .     c - +0 leather armour
rNeg   . . .     Faith    .     (shield currently unavailable)
rPois  .         Spirit   .     (no helmet)
rElec  .         Reflect  .     (no cloak)
rCorr  .         Harm     .     (no gloves)
MR     .....                    (no boots)
Stlth  ++........               (no amulet)
                                s - ring of magical power
                                l - ring of see invisible

@: no status effects
A: carnivore 3
a: no special abilities


You were on level 3 of the Dungeon.
You were very full.

You visited 1 branch of the dungeon, and saw 3 of its levels.

You collected 122 gold pieces.

Inventory:

Hand Weapons
 a - a +1 shortbow (weapon)
 b - a +0 short sword
Missiles
 d - 38 arrows (quivered)
 g - 72 stones
 o - 5 javelins
Armour
 c - a +0 leather armour (worn)
Jewellery
 l - a ring of see invisible (left hand)
 s - a ring of magical power (right hand)
Scrolls
 h - a scroll of recharging
 i - a scroll of fog {unknown}
 p - a scroll of remove curse
Potions
 e - 2 potions of lignification {unknown}
 k - a potion of heal wounds {unknown}
 m - 2 potions of brilliance {unknown}
 n - 2 potions of curing
 r - a potion of cancellation {unknown}
Books
 j - a book of Changes

   Spells                             Type                      Level
   a - Beastly Appendage              Transmutation                1
   b - Sticks to Snakes               Transmutation                2
   c - Spider Form                    Transmutation/Poison         3
   d - Ice Form                       Ice/Transmutation            4
   e - Blade Hands                    Transmutation                5
Comestibles
 f - a meat ration


   Skills:
 + Level 2.9 Fighting
 + Level 5.6 Bows
 + Level 0.5 Armour
 + Level 2.8 Dodging
 + Level 1.5 Stealth


You had 3 spell levels left.
You knew the following spells:

 Your Spells              Type           Power        Failure   Level  Hunger
a - Beastly Appendage     Tmut           #.....       45%         1    ##.....


Dungeon Overview and Level Annotations

Branches:
Dungeon (3/15)

Altars:
Trog

Annotations:
D:3 Grinder


Innate Abilities, Weirdness & Mutations

You are small and have problems with some larger weapons.
You are carnivorous and can eat meat at any time.


Message History

Grinder gestures at you. Pain shoots through your body!
* * * LOW HITPOINT WARNING * * *
You feel better. Grinder hits you!
* * * LOW HITPOINT WARNING * * *
Firing (i - inventory. (,) - cycle):
d - 40 arrows (quivered)
Press: ? - help, Shift-Dir - straight line, f/p - Grinder
Aim: Grinder (severely wounded)
You shoot an arrow. The arrow hits Grinder.
Grinder is severely wounded.
Grinder hits you.
* * * LOW HITPOINT WARNING * * *
Firing (i - inventory. (,) - cycle):
d - 39 arrows (quivered)
Press: ? - help, Shift-Dir - straight line, f/p - Grinder
Aim: Grinder (severely wounded)
You shoot an arrow. The arrow hits Grinder!
Grinder is almost dead.
Grinder gestures at you. Pain shoots through your body!
You die...

############### #####
.........(....# ....#
######...(..#.###....#
............(.>.#...(###
######......#.(.#.(.((.(
#......#((5@(#
#......#(.#..#
#......#..#..#
#......##.#..#
#########....# #....#
#..#.# #..#.#
############


You could see Grinder.

Vanquished Creatures
  3 adders
  2 oozes (D:1)
  2 worms (D:2)
  2 dart slugs
  5 orcs (D:3)
  7 bats
  4 giant cockroaches
  5 hobgoblins
  8 jackals
  4 kobolds
  2 quokkas (D:2)
  2 ball pythons
  8 frilled lizards
  7 goblins
  9 rats
70 creatures vanquished.

Notes
Turn   | Place    | Note
-------+----------+-------------------------------------------
     0 | D:1      | Lyric the Kobold Hunter began the quest for the Orb.
     0 | D:1      | Reached XP level 1. HP: 12/12 MP: 1/1
   179 | D:1      | Reached XP level 2. HP: 17/17 MP: 2/2
   481 | D:1      | Reached XP level 3. HP: 22/22 MP: 3/3
  1564 | D:2      | Reached XP level 4. HP: 21/27 MP: 4/4
  1652 | D:2      | Reached skill level 5 in Bows
  2410 | D:3      | Reached XP level 5. HP: 32/32 MP: 5/5
  2476 | D:3      | Found a bloodstained altar of Trog.
  2508 | D:3      | Learned a level 1 spell: Beastly Appendage
  2626 | D:3      | Noticed Grinder
  2650 | D:3      | Killed from afar by Grinder

Skill      XL: |  1  2  3  4 |
---------------+-------------+-----
Bows           | 5 |  5.6
Fighting       | |  2.9
Armour         | |  0.5
Dodging        | |  2.8
Stealth        | |  1.5

Action                   |  1- 3 |  4- 6 || total
-------------------------+-------+-------++-------
 Fire: Shortbow          |    88 |   108 ||   196
 Cast: Beastly Appendage |       |     1 ||     1
  Use: Scroll            |     2 |     7 ||     9
       Potion            |       |     1 ||     1
  Eat: Chunk             |     9 |     3 ||    12
Armor: Leather armour    |     2 |     2 ||     4
Dodge: Dodged            |    10 |    24 ||    34
